 Dungeon Crawl Stone Soup version 0.32-a0-433-g08bcfe7efd (webtiles) character file.

Game seed: 2067800951150977492

11377 dialectric the Protected (level 11, -4/81 HPs)
             Began as a Coglin Berserker on Feb 22, 2024.
             Was a High Priest of Trog.
             Slain by a two-headed ogre
             ... wielding a +0 giant club
              (27 damage)
             ... on level 10 of the Dungeon.
             The game lasted 00:11:36 (7983 turns).

dialectric the Protected (Coglin Berserker)         Turns: 7983, Time: 00:11:36

Health: -4/81      AC:  0    Str: 27    XL:     11   Next: 76%
Magic:  11/11      EV: 12    Int:  6    God:    Trog [*****.]
Gold:   305        SH:  0    Dex: 15    Spells: 10/10 levels left

rFire   . . .        v - +5 Force Lance {heavy, knockback}
rCold   . . .        G - +3 trident (venom) {Juhanna}
rNeg    . . .        w - +2 scale mail {rPois}
rPois   +            r - +0 helmet
rElec   .            y - +1 cloak
rCorr   .            (no gloves)
SInv    .            (no boots)
Will    .....        (no amulet) Stlth
                     E - ring of poison resistance
HPRegen 0.33/turn    C - +6 ring of strength
MPRegen 0.12/turn

%: no passive effects
@: corroded, on berserk cooldown, immotile, slowed, revved, very slow
A: off-hand wielding, slow wielding, warmup strikes, legs shutdown
a: Renounce Religion, Berserk, Trog's Hand, Brothers in Arms


You were on level 10 of the Dungeon.
You worshipped Trog.
Trog was extremely pleased with you.
You visited 1 branch of the dungeon, and saw 10 of its levels.

You collected 638 gold pieces.
You spent 333 gold pieces at shops.

Inventory:

Hand Weapons
 v - the +5 Force Lance (weapon) {heavy, knockback}
   (You found it on level 5 of the Dungeon)
 x - a +2 whip of electrocution
 G - a +3 trident of venom (offhand) {Juhanna}
Missiles
 k - 4 atropa-tipped darts (quivered)
 n - a throwing net
Armour
 q - the +0 chain mail of Osai {-Cast rElec Stlth+}
   (You found it on level 2 of the Dungeon)

   rElec:     It insulates you from electricity.
   -Cast:     It prevents spellcasting.
   Stlth+:    It makes you more stealthy.
 r - a +0 helmet (worn)
 w - a +2 scale mail of poison resistance (worn)
 y - a +1 cloak (worn)
Jewellery
 C - a +6 ring of strength (right grasper)
 D - a ring of resist corrosion
 E - a ring of poison resistance (left grasper)
Wands
 a - a wand of flame (9)
Scrolls
 b - a scroll of amnesia {unknown}
 c - a scroll of fear {unknown}
 d - 3 scrolls of immolation {unknown}
 f - 2 scrolls of noise
 h - 2 scrolls of blinking
 i - 5 scrolls of poison {unknown}
 j - 3 scrolls of vulnerability {unknown}
 m - a scroll of silence {unknown}
 p - a scroll of revelation {unknown}
 s - a scroll of fog
 z - a scroll of acquirement {unknown}
 F - 3 scrolls of teleportation {unknown}
Potions
 e - 2 potions of curing
 g - a potion of might
 l - 4 potions of haste
 o - a potion of ambrosia
 t - a potion of enlightenment
 u - a potion of mutation
 A - a potion of brilliance
 B - a potion of heal wounds


   Skills:
 - Level 6.1 Fighting
 - Level 6.1(8.2) Axes
 + Level 7.8(8.6) Polearms
 * Level 12.7 Armour
 - Level 4.0 Dodging


You had 10 spell levels left.
You didn't know any spells.
Your spell library was empty.

Dungeon Overview and Level Annotations

Branches:
Dungeon (10/15)            Temple (0/1) D:6            Lair (0/5) D:8
    Orc (0/2) D:9

Altars:
Dithmenos
Trog
Beogh

Shops:
D:2 (   D:4 *   D:6 :


Innate Abilities, Weirdness & Mutations

You can wield a second weapon in your off-hand.
It takes a long time for you to wield or remove held weapons.
Your first few attacks do less damage.
Attacking and casting redirects power from your legs.


Message History

Things that are here:
a howler monkey corpse; a howler monkey corpse A rust devil is nearby!
A two-headed ogre comes into view. It is wielding two +0 giant clubs.
There are monsters nearby!
There are monsters nearby!
You reach to attack!
You hit the rust devil but do no damage.
You barely miss the rust devil with the +5 Force Lance.
The rust devil hits you. The rust devil corrodes you!
You closely miss the rust devil with the +5 Force Lance.
You barely miss the rust devil with your +3 trident of venom.
The rust devil hits you. The rust devil corrodes you!
You puncture the two-headed ogre with your +3 trident of venom!
The two-headed ogre is poisoned.
The two-headed ogre is moderately wounded.
You impale the two-headed ogre with the +5 Force Lance!!
The rust devil barely misses you.
The two-headed ogre barely misses you. x2
You hit the rust devil but do no damage.
You hit the rust devil with your +3 trident of venom.
The rust devil hits you. The rust devil corrodes you!
The two-headed ogre hits you with a +0 giant club!
The two-headed ogre closely misses you. The rust devil hits you!
* * * LOW HITPOINT WARNING * * *
The rust devil corrodes you!
You are too injured to fight recklessly!
Unknown command.
You barely miss the two-headed ogre with your +3 trident of venom.
The two-headed ogre is heavily wounded.
You hit the two-headed ogre with the +5 Force Lance.
The rust devil misses you. The two-headed ogre barely misses you.
The two-headed ogre closely misses you.
Unknown command.
You hit the two-headed ogre with your +3 trident of venom.
The two-headed ogre looks as sick as possible!
The two-headed ogre is severely wounded.
You hit the two-headed ogre but do no damage.
The rust devil closely misses you.
The two-headed ogre hits you with a +0 giant club!!
You die...

.....##.#####...#####......
<.... #... #.............
.... #... ##............
##...##...#####............
...........†...#########
............†..#
...............#
......O..†.....#
......4@.......#
...............#
.∩.............#
.................
..................
.........###...###
..###....# .[.# .. #....#
..#


You could see a two-headed ogre (extremely poisoned) and a rust devil.

Vanquished Creatures
  A catoblepas (D:10)
  Pikel (D:6)
  A manticore (D:10)
  An elephant (D:8)
  A troll (D:9)
  A hellwing (D:10)
  Prince Ribbit (D:6)
  A hornet (D:7)
  17 yaks
  A ynoxinul (D:10)
  A wyvern (D:10)
  2 steam dragons
  4 vampire mosquitoes (D:10)
  A chaos spawn (D:10)
  Edmund (D:5)
  Menkaure (D:4)
  A water moccasin (D:7)
  8 orc warriors
  3 black bears
  An ice beast (D:8)
  2 ogres (D:5)
  4 centaurs
  2 phantoms
  A kobold brigand (D:7)
  4 bullfrogs
  2 gnoll sergeants
  7 scorpions
  15 killer bees
  An electric eel (D:9)
  3 jellies
  4 howler monkeys
  2 gnoll boudas
  A quasit (D:10)
  7 orc priests
  5 hounds
  3 sleepcaps
  2 iguanas
  Ijyb (D:3)
  Natasha (thrice) (D:3)
  7 orc wizards
  Robin (D:3)
  16 gnolls
  8 adders
  7 river rats (D:6)
  A shadow imp (D:8)
  2 white imps
  2 ufetubi (D:6)
  3 dart slugs
  A ribbon worm (D:3)
  32 orcs
  2 endoplasms
  3 giant cockroaches (D:1)
  20 goblins
  15 hobgoblins
  8 jackals
  8 kobolds
  7 quokkas
  7 ball pythons
  6 bats
  5 frilled lizards
  18 rats
297 creatures vanquished.

Notes
Turn   | Place    | Note
-------+----------+-------------------------------------------
     0 | D:1      | dialectric the Coglin Berserker began the quest for the
                  | Orb.
     0 | D:1      | Reached XP level 1. HP: 18/18 MP: 1/1
   171 | D:1      | Reached skill level 2 in Armour
   171 | D:1      | Reached XP level 2. HP: 18/24 MP: 2/2
   391 | D:1      | Reached XP level 3. HP: 20/29 MP: 3/3
   734 | D:1      | Found a faded altar of an unknown god.
   818 | D:2      | Found Maluq's Weapon Emporium.
   836 | D:2      | Reached ** piety under Trog
   943 | D:2      | Reached XP level 4. HP: 17/35 MP: 4/4
  1375 | D:2      | Identified the +0 chain mail of Osai {-Cast rElec Stlth+}
  1419 | D:2      | Reached XP level 5. HP: 42/42 MP: 5/5
  1623 | D:3      | Noticed Robin
  1635 | D:3      | Killed Robin
  1806 | D:3      | Noticed Natasha
  1812 | D:3      | Killed Natasha
  1925 | D:3      | Noticed Natasha
  1931 | D:3      | Killed Natasha
  1932 | D:3      | Reached skill level 3 in Armour
  1950 | D:4      | Noticed Menkaure
  1953 | D:4      | Killed Menkaure
  1954 | D:4      | Reached XP level 6. HP: 48/48 MP: 6/6
  2189 | D:4      | Found Zomeits's General Store.
  2203 | D:4      | Bought a scroll of identify for 20 gold pieces
  2203 | D:4      | Bought a potion of mutation for 80 gold pieces
  2406 | D:4      | Reached *** piety under Trog
  2541 | D:4      | Noticed a black bear
  2545 | D:4      | Killed a black bear
  2546 | D:4      | Reached XP level 7. HP: 55/55 MP: 7/7
  2729 | D:5      | Entered Level 5 of the Dungeon
  2741 | D:5      | Reached skill level 4 in Armour
  2906 | D:5      | Found the +5 Force Lance {heavy, knockback}
  2908 | D:5      | Noticed Edmund
  2920 | D:5      | Killed Edmund
  2921 | D:5      | Reached skill level 5 in Fighting
  2921 | D:5      | Reached skill level 5 in Axes
  3060 | D:5      | Reached XP level 8. HP: 58/62 MP: 8/8
  3093 | D:5      | Reached skill level 5 in Armour
  3477 | D:6      | Noticed Pikel
  3477 | D:6      | Found Jotupeo's Book Boutique.
  3479 | D:6      | Killed Pikel
  3480 | D:6      | Reached skill level 6 in Armour
  3614 | D:6      | Found a staircase to the Ecumenical Temple.
  3620 | D:6      | Reached XP level 9. HP: 69/69 MP: 9/9
  3640 | D:6      | Noticed Prince Ribbit
  3648 | D:6      | Killed Prince Ribbit
  3649 | D:6      | Reached skill level 1 in Polearms
  3649 | D:6      | Reached skill level 7 in Armour
  4293 | D:6      | Reached **** piety under Trog
  4309 | D:6      | Reached skill level 8 in Armour
  4575 | D:7      | Noticed a hornet
  4580 | D:7      | Reached skill level 9 in Armour
  4580 | D:7      | Reached XP level 10. HP: 76/76 MP: 10/10
  4996 | D:7      | Reached ***** piety under Trog
  5385 | D:8      | Noticed an elephant
  5395 | D:8      | Killed an elephant
  5396 | D:8      | Reached skill level 5 in Polearms
  5405 | D:8      | Reached skill level 10 in Armour
  5727 | D:2      | Bought a +3 trident of venom for 233 gold pieces
  5791 | D:3      | Noticed Ijyb
  5794 | D:3      | Killed Ijyb
  5929 | D:3      | Noticed Natasha
  5931 | D:3      | Killed Natasha
  6240 | D:8      | Found a staircase to the Lair.
  6831 | D:9      | Reached skill level 11 in Armour
  6922 | D:9      | Reached XP level 11. HP: 81/81 MP: 11/11
  7356 | D:9      | Found a bloodstained altar of Trog.
  7357 | D:9      | Found a shadowy altar of Dithmenos.
  7484 | D:9      | Found a staircase to the Orcish Mines.
  7485 | D:9      | Found a roughly hewn altar of Beogh.
  7495 | D:9      | Reached skill level 12 in Armour
  7648 | D:10     | Entered Level 10 of the Dungeon
  7648 | D:10     | Noticed a catoblepas
  7648 | D:10     | Noticed a manticore
  7657 | D:10     | Killed a catoblepas
  7667 | D:10     | Killed a manticore
  7976 | D:10     | Noticed a two-headed ogre
  7983 | D:10     | Slain by a two-headed ogre

Illustrated notes

Levels and vault maps discovered:
D:1:      evilmike_arrival_rings, layout_rooms,
          dilly_ecumenical_altar_fadedgnrine
D:2:      layout_basic, serial_corexii_hall, chequers_hall_statues_wall_a,
          chequers_hall_statues_corner_a, serial_shops, shop
D:3:      layout_basic, minmay_misc_feat_chi, serial_bayou_crossing, uniq_ijyb,
          uniq_robin, uniq_natasha
D:4:      layout_loops_corners, serial_shops, nicolae_shop_statue_plus,
          uniq_menkaure
D:5:      layout_basic, serial_bayou, serial_bayou_ford_a, serial_bayou_pond_b,
          serial_bayou_pond_a, serial_bayou_pond_a, gammafunk_ghost_split,
          st_stairs_14, uniq_edmund
D:6:      lemuel_ratsnest, layout_basic, minmay_temple_entry_proselytizer,
          serial_shops, nicolae_stop_n_shop_2, minivault_19, billiards_dpeg,
          uniq_pikel, uniq_prince_ribbit1
D:7:      layout_rooms, kennysheep_another_room,
          minmay_fractal_squares_diagonal_5
D:8:      layout_rooms, grunt_lair_entry_orc_guard_hut
D:9:      argonaut_augean_stables, layout_cave_pools, minitemple, david_orc_5
D:10:     nzn_motion_control, layout_small_grid, serial_demonic,
          serial_demonic_e, serial_demonic_b, serial_demonic_c,
          serial_demonic_d, serial_demonic_c, gammafunk_ghost_grave

Skill      XL: |  1  2  3  4  5  6  7  8  9 10 11 |
---------------+----------------------------------+-----
Armour         | 2 3 4 6 9 11 12 | 12.7
Dodging        | 2 3 4 |  4.0
Fighting       | 4 5 6 |  6.1
Axes           | 4 5 6 |  6.1
Polearms       | 4 6 7 |  7.8

Action                     |  1- 3 |  4- 6 |  7- 9 | 10-12 || total
---------------------------+-------+-------+-------+-------++-------
  Melee: Hand axe          |    66 |    67 |    26 |       ||   159
         Short sword       |    31 |       |       |       ||    31
         Dagger            |    21 |    69 |   155 |    57 ||   302
         War axe           |     7 |       |       |       ||     7
         Lance             |       |       |   135 |   257 ||   392
         Trident           |       |       |       |   168 ||   168
  Throw: Dart              |       |       |     1 |       ||     1
 Invoke: Berserk           |     2 |     2 |     5 |     6 ||    15
    Use: Scroll            |       |     1 |       |    10 ||    11
   Stab: Sleeping          |       |     1 |       |       ||     1
 Armour: Animal skin       |    39 |     7 |       |       ||    46
         Chain mail        |       |    49 |    25 |       ||    74
         Scale mail        |       |       |   106 |   251 ||   357
  Dodge: Dodged            |    50 |    48 |    83 |   201 ||   382

Table legend: (Time is in decaauts)
 A = Elapsed time spent in this place.
 B = Non-inter-level travel time spent in this place.
 C = Inter-level travel time spent in this place.
 D = Time resting spent in this place.
 E = Time spent auto-exploring this place.
 F = Levels seen in this place.
 G = Mean time per level.
                   A        B        C        D        E       F      G
               +--------+--------+--------+--------+--------+-----+--------+
         Total |   8190 |   7492 |    698 |     46 |   5800 |  10 |  819.0 |
       Dungeon |   8190 |   7492 |    698 |     46 |   5800 |  10 |  819.0 |
               +--------+--------+--------+--------+--------+-----+--------+

Top non-repeatable levels by time:
     D:9: 1181 daAuts
     D:6: 1124 daAuts
     D:4: 1025 daAuts
     D:2: 926 daAuts
     D:7: 860 daAuts
     D:1: 811 daAuts
     D:3: 800 daAuts
     D:5: 569 daAuts
     D:8: 545 daAuts
    D:10: 346 daAuts
